 Dungeon Crawl Stone Soup version 0.30.1-11-g7821555f0a (webtiles) character file.

Game seed: 11138052076267024338

32333 Peloso the Fencer (level 13, -2/130 HPs)
             Began as a Minotaur Fighter on Nov 11, 2023.
             Was a High Priest of Okawaru.
             Slain by an eight-headed hydra (3 damage)
             ... on level 3 of the Lair of Beasts.
             The game lasted 00:33:13 (16978 turns).

Peloso the Fencer (Minotaur Fighter)               Turns: 16978, Time: 00:33:14

Health: -2/130     AC: 21    Str: 22    XL:     13   Next: 30%
Magic:  13/13      EV:  9    Int:  5    God:    Okawaru [*****.]
Gold:   1155       SH:  4    Dex: 14    Spells: 12/12 levels left

rFire   + . .        a - +3 double sword (elec)
rCold   + . .        (no shield)
rNeg    . . .        D - +0 plate armour
rPois   .            N - +1 hat
rElec   .            F - +0 cloak {rC+}
rCorr   .            v - +0 pair of gloves
SInv    .            c - +0 pair of boots
Will    .....        (no amulet) Stlth
                     g - ring of protection from fire
HPRegen 0.41/turn    (no ring)
MPRegen 0.13/turn

%: no passive effects
@: about to teleport, very slow
A: horns 2, retaliatory headbutt, large bone plates 1, robust 1
a: Renounce Religion, Heroism, Finesse, Duel


You were on level 3 of the Lair of Beasts.
You worshipped Okawaru.
Okawaru was extremely pleased with you.
You visited 3 branches of the dungeon, and saw 15 of its levels.
You also visited: Sewer and Ice Cave.

You collected 1155 gold pieces.

Inventory:

Hand Weapons
 a - a +3 double sword of electrocution (weapon)
 b - a +5 demon blade of electrocution
Armour
 c - a +0 pair of boots (worn)
 d - a +1 tower shield of cold resistance
 v - a +0 pair of gloves (worn)
 C - a +0 cloak of poison resistance
 D - a +0 plate armour (worn)
 F - a +0 cloak of cold resistance (worn)
 N - a +1 hat (worn)
Jewellery
 g - a ring of protection from fire (left hand)
Wands
 j - a wand of flame (29)
 q - a wand of quicksilver (30)
 u - a wand of roots (22)
 A - a wand of polymorph (8)
 I - a wand of paralysis (2)
Scrolls
 e - 2 scrolls of enchant armour
 f - a scroll of blinking
 i - 5 scrolls of teleportation
 n - 6 scrolls of identify
 o - 2 scrolls of butterflies
 x - 3 scrolls of fog
 y - a scroll of fear
 B - a scroll of immolation
 K - a scroll of brand weapon
 P - a scroll of amnesia
Potions
 h - 2 potions of might
 k - 3 potions of magic
 m - 2 potions of flight
 p - 2 potions of mutation
 r - a potion of lignification
 s - 2 potions of ambrosia
 t - 3 potions of invisibility
 w - 7 potions of curing
 z - a potion of berserk rage
 E - 2 potions of heal wounds
 G - a potion of brilliance
 J - 4 potions of haste {unknown}
 O - a potion of cancellation {unknown}
Miscellaneous
 l - a phantom mirror
 L - a tin of tremorstones (2/2)


   Skills:
 + Level 12.4 Fighting
 + Level 16.9 Long Blades
 + Level 13.0 Armour
 + Level 4.1 Dodging
 + Level 1.3 Stealth
 + Level 11.8 Shields
 + Level 2.4 Invocations
 + Level 2.0 Evocations


You had 12 spell levels left.
You didn't know any spells.
Your spell library contained the following spells:

 Spells                   Type           Power      Damage    Failure   Level
 Freeze                   Ice            0%         1d3       99%         1
 Kiss of Death            Conj/Necr      0%         2d5       99%         1
 Shock                    Conj/Air       0%         1d3       99%         1
 Cigotuvi's Dreadful Rot  Necr/Pois/Air  0%         N/A       100%        2
 Confusing Touch          Hex            0%         N/A       100%        3
 Frozen Ramparts          Ice            0%         1d1       100%        3
 Hailstorm                Conj/Ice       0%         3d3       100%        3
 Inner Flame              Hex/Fire       0%         N/A       100%        3
 Portal Projectile        Hex/Tloc       0%         N/A       100%        3
 Swiftness                Air            0%         N/A       100%        3
 Volatile Blastmotes      Fire/Tloc      0%         2d10      100%        3
 Airstrike                Air            0%         2d(0-16)  100%        4
 Dispel Undead            Necr           0%         3d6       100%        4
 Fulminant Prism          Conj/Hex       0%         3d5       100%        4
 Iskenderun's Mystic Bla  Conj/Tloc      0%         2d3       100%        4
 Leda's Liquefaction      Hex/Erth       0%         N/A       100%        4
 Borgnjor's Vile Clutch   Necr/Erth      0%         N/A       100%        5
 Lee's Rapid Deconstruct  Erth           0%         3d4*      100%        5
 Yara's Violent Unravell  Hex/Tmut       0%         3d3       100%        5
 Enfeeble                 Hex            0%         N/A       100%        7
 Call Canine Familiar     Summ           Unusable   N/A       N/A         3
 Animate Dead             Necr           Unusable   N/A       N/A         4
 Death Channel            Necr           Unusable   N/A       N/A         6

Dungeon Overview and Level Annotations

Branches:
Dungeon (11/15)            Temple (1/1) D:6            Lair (3/5) D:11
  Swamp (0/4) Lair:2       Spider (0/4) Lair:3          Orc (0/2) D:11
  Sewer (visited)           IceCv (visited)

Altars:
Ashenzari
Cheibriados
Dithmenos
Elyvilon
Fedhas
Gozag
Hepliaklqana
Kikubaaqudgha
Makhleb
Nemelex Xobeh
Okawaru
Qazlal
Ru
Sif Muna
Trog
Uskayaw
Vehumet
Wu Jian
Xom
Yredelemnul
Zin
The Shining One

Shops:
D:4 :

Portals:
Trove: D:10 (give +4 ice dragon scales)

Annotations:
D:3 1 runed translucent door, sneaky's ghost, amateur NaTm


Innate Abilities, Weirdness & Mutations

You have a pair of horns on your head.
You reflexively headbutt those who attack you in melee.
You are partially covered in large bone plates. (SH +4)
You are robust. (+10% HP)


Message History

The eight-headed hydra bites you but does no damage. x2
The eight-headed hydra bites you!
You block the eight-headed hydra's attack.
The eight-headed hydra bites you. The eight-headed hydra bites you!
* * * LOW HITPOINT WARNING * * *
The eight-headed hydra bites you but does no damage.
The eight-headed hydra barely misses you.
The electric eel shoots out a bolt of lightning at you!
The bolt of electricity hits the plant!
The bolt of electricity hits you!
* * * LOW HITPOINT WARNING * * *
The bolt of electricity hits you!
* * * LOW HITPOINT WARNING * * *
The bolt of electricity hits the plant!
The electric eel shoots out a bolt of lightning at you!
The bolt of electricity hits the electric eel.
The electric eel completely resists.
The bolt of electricity hits the plant!
The bolt of electricity misses you.
The bolt of electricity hits the fungus!
The fungus begins to die.
The electric eel shoots out a bolt of lightning at you!
The bolt of electricity hits the electric eel.
The electric eel completely resists.
The bolt of electricity hits the plant!
The bolt of electricity hits you but does no damage.
The electric eel shoots out a bolt of lightning at you!
The bolt of electricity hits the plant!
The bolt of electricity hits you.
* * * LOW HITPOINT WARNING * * *
The bolt of electricity hits you but does no damage.
The bolt of electricity hits the plant!
The electric eel shoots out a bolt of lightning at you!
The bolt of electricity hits the electric eel.
The electric eel completely resists.
The bolt of electricity hits the electric eel.
The electric eel completely resists.
The bolt of electricity hits the plant!
The bolt of electricity hits you!
* * * LOW HITPOINT WARNING * * *
The eight-headed hydra bites you.
* * * LOW HITPOINT WARNING * * *
The eight-headed hydra bites you but does no damage. x3
The eight-headed hydra bites you.
You die...

≈≈≈≈~≈~PP~~~♣♣......#...##.
≈≈≈≈≈≈≈~~~~~~♣~...#....††..
≈≈≈≈≈≈≈~~♣P~~~P♣...........
≈≈≈≈≈S≈~~~~~P~♣~.....♣..P..
≈≈≈≈≈≈S~~~~♣P~♣~(.#.♣~~.~~.
≈≈≈≈≈≈≈~♣~~~~♣P.....~~~~~~~
≈≈≈≈≈≈~~S♣YP~~.[....~~.~≈≈~
~≈≈~~~~PPPD~~♣.....P~.~~~≈~
~~~~~~~♣♣♣@♣♣..###...~~.~~~
♣♣♣P~♣♣♣~~~....# #P..P.~.~.
♣~~ ##~.P#### ###P..♣..♣ ##
##### ##.##♣## ### #


You could see an eight-headed hydra, an elephant and 3 electric eels.

Vanquished Creatures
  A frost giant (IceCv)
  16 death yaks
  A pharaoh ant (Lair:3)
  3 oklob plants (Lair:2)
  A manticore (D:11)
  An ice statue (IceCv)
  2 black mambas
  An unseen horror (D:11)
  6 cane toads
  4 rime drakes (IceCv)
  2 komodo dragons
  6 polar bears
  A troll (D:11)
  Prince Ribbit (D:6)
  A hornet (D:10)
  33 yaks
  A vampire (D:10)
  4 wraiths
  A basilisk (Lair:3)
  2 redbacks (Lair:3)
  2 steam dragons
  13 vampire mosquitoes
  Edmund (D:4)
  2 wargs (D:11)
  5 water moccasins
  A floating eye (Lair:2)
  2 sky beasts
  5 orc warriors
  3 black bears
  An ice beast (D:8)
  2 ogres
  11 wolves
  3 centaurs
  5 phantoms
  4 kobold brigands
  7 bullfrogs
  3 scorpions
  7 wights
  9 killer bees
  An electric eel (Lair:1)
  A gnoll bouda (D:4)
  4 jellies
  8 orc priests
  2 hounds (D:6)
  Crazy Yiuf (D:5)
  Terence (D:2)
  An iguana (D:6)
  Ijyb (D:4)
  A sleepcap (D:7)
  4 orc wizards
  Natasha (twice) (D:2)
  9 gnolls
  6 adders
  A river rat (D:3)
  2 shadow imps
  A white imp (D:8)
  2 worms
  2 dart slugs
  43 orcs
  15 ball pythons
  A bat (D:2)
  5 endoplasms
  13 giant cockroaches
  5 goblins
  5 hobgoblins
  4 jackals (D:3)
  13 quokkas
  7 frilled lizards
  21 kobolds
  9 rats
365 creatures vanquished.

Notes
Turn   | Place    | Note
-------+----------+-------------------------------------------
     0 | D:1      | Peloso the Minotaur Fighter began the quest for the Orb.
     0 | D:1      | Reached XP level 1. HP: 19/19 MP: 0/0
    94 | D:1      | Reached XP level 2. HP: 27/27 MP: 1/1
   745 | D:2      | Reached XP level 3. HP: 33/33 MP: 2/2
   756 | D:2      | Noticed Terence
   770 | D:2      | Killed Terence
   771 | D:2      | Reached skill level 3 in Long Blades
  1028 | D:2      | Gained mutation: You are robust. (+10% HP) [potion of
                  | mutation]
  1028 | D:2      | Gained mutation: You are partially covered in large bone
                  | plates. (SH +4) [potion of mutation]
  1040 | D:2      | Found a faded altar of an unknown god.
  1052 | D:2      | Noticed Natasha
  1057 | D:2      | Killed Natasha
  1058 | D:2      | Reached XP level 4. HP: 44/44 MP: 3/3
  1578 | D:2      | Noticed Natasha
  1584 | D:2      | Killed Natasha
  1740 | D:3      | Reached XP level 5. HP: 51/51 MP: 4/4
  1754 | D:3      | Reached skill level 4 in Long Blades
  1796 | D:3      | Found a glowing drain.
  1807 | D:3      | Reached skill level 5 in Armour
  1815 | Sewer    | Entered a sewer
  1849 | Sewer    | Reached skill level 1 in Dodging
  2012 | Sewer    | Reached XP level 6. HP: 43/58 MP: 5/5
  2103 | Sewer    | Reached skill level 5 in Long Blades
  2485 | D:3      | You fall into a shaft and drop 3 floors!
  2533 | D:6      | Found a staircase to the Ecumenical Temple.
  2544 | Temple   | Entered the Ecumenical Temple
  2567 | Temple   | Became a worshipper of Warmaster Okawaru
  2638 | D:5      | Entered Level 5 of the Dungeon
  2654 | D:5      | Reached skill level 5 in Shields
  2761 | D:5      | Noticed a water moccasin
  2767 | D:5      | Killed a water moccasin
  2768 | D:5      | Reached skill level 5 in Fighting
  2768 | D:5      | Reached skill level 6 in Long Blades
  2768 | D:5      | Reached XP level 7. HP: 66/67 MP: 6/6
  2830 | D:4      | Identified the +9 war axe "Wajakh" {pain, rPois}
  2894 | D:4      | Found Ponuxet's Self-Improvement Boutique.
  3001 | D:4      | Found an opulent altar of Gozag.
  3024 | D:4      | Found a snail-covered altar of Cheibriados.
  3156 | D:4      | Found a glowing golden altar of the Shining One.
  3176 | D:4      | Reached * piety under Okawaru
  3253 | D:4      | Noticed Ijyb
  3264 | D:4      | Killed Ijyb
  3441 | D:4      | Noticed Edmund
  3463 | D:4      | Killed Edmund
  3464 | D:4      | Reached skill level 7 in Long Blades
  4038 | D:3      | Found a runed translucent door.
  4040 | D:3      | Noticed sneaky's ghost (amateur NaTm)
  4117 | D:3      | Found a white marble altar of Elyvilon.
  4308 | D:5      | Reached XP level 8. HP: 75/75 MP: 7/7
  4319 | D:5      | Found a burning altar of Makhleb.
  4612 | D:5      | Reached ** piety under Okawaru
  4619 | D:5      | Reached skill level 8 in Long Blades
  4854 | D:5      | Found a runed translucent door.
  4855 | D:5      | Noticed Crazy Yiuf
  5052 | D:5      | Killed Crazy Yiuf
  5178 | D:6      | Reached skill level 1 in Stealth
  5383 | D:6      | Reached skill level 1 in Evocations
  5450 | D:6      | Reached skill level 9 in Long Blades
  5450 | D:6      | Reached XP level 9. HP: 60/82 MP: 8/8
  5717 | D:6      | Reached *** piety under Okawaru
  6148 | D:6      | Noticed Prince Ribbit
  6160 | D:6      | Killed Prince Ribbit
  6582 | D:7      | Found a hide-covered altar of Uskayaw.
  7261 | D:7      | Found a hazy altar of Hepliaklqana.
  7351 | D:8      | Reached **** piety under Okawaru
  7491 | D:8      | Reached skill level 10 in Long Blades
  7656 | D:8      | Identified the +3 leather armour of Salvation {+Inv rF+ rC+
                  | Int-5}
  8064 | D:9      | Found a radiant altar of Vehumet.
  8099 | D:9      | Reached XP level 10. HP: 94/94 MP: 9/9
  8541 | D:10     | Entered Level 10 of the Dungeon
  8833 | D:10     | Reached skill level 11 in Long Blades
  8937 | D:10     | Reached ***** piety under Okawaru
  9064 | D:10     | Found a sacrificial altar of Ru.
  9115 | D:10     | Identified the +2 whip of Sharkskin {venom, rPois Int+3
                  | Dex+2 Stlth+}
  9208 | D:10     | Reached skill level 12 in Long Blades
  9258 | D:10     | Found a broken altar of Ashenzari.
  9551 | D:10     | Reached skill level 10 in Armour
  9814 | D:10     | Found a portal to a secret trove of treasure.
  9933 | D:11     | Noticed a death yak
  9937 | D:11     | Noticed a death yak
  9938 | D:11     | Noticed a death yak
  9940 | D:11     | Noticed a death yak
  9968 | D:10     | Killed a death yak
  9968 | D:10     | Received a gift from Okawaru
 10139 | D:11     | Reached skill level 1 in Invocations
 10143 | D:11     | Noticed a death yak
 10143 | D:11     | Noticed a death yak
 10150 | D:10     | Killed a death yak
 10151 | D:10     | Reached XP level 11. HP: 21/104 MP: 10/10
 10163 | D:10     | Killed a death yak
 10164 | D:10     | Reached skill level 13 in Long Blades
 10375 | D:10     | Killed a death yak
 10381 | D:10     | Killed a death yak
 10715 | D:10     | Killed a death yak
 10715 | D:10     | Received a gift from Okawaru
 10874 | D:11     | Found a staircase to the Orcish Mines.
 10987 | D:11     | Found a staircase to the Lair.
 11085 | D:11     | Reached skill level 10 in Shields
 11601 | D:11     | Received a gift from Okawaru
 11879 | Lair:1   | Entered Level 1 of the Lair of Beasts
 11908 | Lair:1   | Reached skill level 14 in Long Blades
 11963 | Lair:1   | You fall into a shaft and drop 1 floor!
 12208 | Lair:1   | Found a frozen archway.
 12215 | IceCv    | Entered an ice cave
 12226 | IceCv    | Reached XP level 12. HP: 91/116 MP: 12/12
 12415 | IceCv    | Noticed a death yak
 12415 | IceCv    | Noticed a death yak
 12438 | IceCv    | Killed a death yak
 12438 | IceCv    | Received a gift from Okawaru
 12439 | IceCv    | Reached skill level 10 in Fighting
 12445 | IceCv    | Killed a death yak
 12751 | IceCv    | Noticed a death yak
 12761 | IceCv    | Killed a death yak
 12762 | IceCv    | Reached skill level 15 in Long Blades
 12777 | IceCv    | Noticed a death yak
 12783 | IceCv    | Killed a death yak
 12783 | IceCv    | Noticed a death yak
 12792 | IceCv    | Killed a death yak
 13131 | IceCv    | Noticed a death yak
 13143 | IceCv    | Killed a death yak
 13338 | IceCv    | Noticed a death yak
 13343 | IceCv    | Noticed a death yak
 13344 | IceCv    | Noticed a death yak
 13358 | IceCv    | Killed a death yak
 13362 | IceCv    | Killed a death yak
 13363 | IceCv    | Reached skill level 16 in Long Blades
 13371 | IceCv    | Killed a death yak
 13589 | IceCv    | Noticed a frost giant
 13589 | IceCv    | Noticed a death yak
 13610 | IceCv    | Killed a frost giant
 13856 | IceCv    | Killed a death yak
 13856 | IceCv    | Received a gift from Okawaru
 14699 | Lair:2   | Reached XP level 13. HP: 125/128 MP: 13/13
 15048 | Lair:2   | Paralysed by a floating eye for 4 turns
 15054 | Lair:2   | Received a gift from Okawaru
 15755 | Lair:2   | Found a staircase to the Swamp.
 16703 | Lair:3   | Found a hole to the Spider Nest.
 16978 | Lair:3   | HP: 4/130 [electric eel/bolt of electricity (10)]
 16978 | Lair:3   | HP: 1/130 [eight-headed hydra (3)]
 16978 | Lair:3   | Slain by an eight-headed hydra

Illustrated notes

Levels and vault maps discovered:
D:1:      minmay_arrival_stone_box, layout_basic
D:2:      wander_river, layout_loops_ring,
          shapermc_ecumenical_altar_mp_ritualfount, minmay_fountain_box,
          grunt_ministairs_12, kennysheep_flooded_box,
          kennysheep_generic_room_10, uniq_terence, uniq_natasha
D:3:      layout_loops_ring, mainiacjoe_overflow_alcove_4, portal_sewer_entry_b,
          ebering_ghost_reflecting_pool
D:4:      layout_loops_ring, mainiacjoe_overflow_tiny_flanked,
          gammafunk_temple_overflow_pools, nicolae_shop_self_help, uniq_ijyb,
          uniq_edmund
D:5:      layout_gridville, nicolae_overflow_crystal_walls,
          nicolae_nh_ransacked_shop, uniq_crazy_yiuf_cottage
D:6:      layout_basic, minmay_temple_entry_slanted, uniq_prince_ribbit1
D:7:      layout_rooms, nicolae_uskayaw_murder_on_the_dancefloor,
          kennysheep_mini, grunt_decor_one_mirror, chequers_arboretum,
          nicolae_hexahallways
D:8:      layout_cave_pools
D:9:      layout_basic, overflow_temple_1_default, columned_hall_lemuel
D:10:     layout_roguey [special_room_orc], ashenzari_conservatory_becter,
          mainiacjoe_overflow_surrounded_room, enter_trove_3
D:11:     layout_loops_corners, dpeg_lair_monsters, minmay_orc_entry_guard_dogs
Temple:   chequers_temple_sunken
Lair:1:   layout_gridlike, portal_ice_cave_entry_pillars_2, serial_bayou_pond_e,
          infiniplex_staircase_pool
Lair:2:   layout_layer_cave, minmay_swamp_entry_swarm, disabler_island,
          infiniplex_staircase_pool_2
Lair:3:   hangedman_what_comes_after_a, layout_gridlike,
          nicolae_spider_entry_lesser_pyramids, serial_bayou,
          serial_bayou_crossing, serial_bayou_lagoon_b, serial_bayou_pond_b,
          serial_bayou_lake_a, basic_altar, beast_lair_carwin_10

Skill      XL: |  1  2  3  4  5  6  7  8  9 10 11 12 13 |
---------------+----------------------------------------+-----
Armour         | 4 5 6 8 9 10 11 12 13 | 13.0
Shields        | 4 5 6 8 9 10 11 | 11.8
Fighting       | 4 5 6 7 8 9 11 12 | 12.4
Long Blades    | 3 4 6 7 9 10 12 14 16 | 16.9
Dodging        | 1 2 3 4 |  4.1
Stealth        | 1 |  1.3
Evocations     | 1 2 |  2.0
Invocations    | 1 2 |  2.4

Action                     |  1- 3 |  4- 6 |  7- 9 | 10-12 | 13-15 || total
---------------------------+-------+-------+-------+-------+-------++-------
  Melee: Long sword        |    66 |   129 |   421 |   272 |       ||   888
         Headbutt          |    12 |    16 |    87 |   147 |    25 ||   287
         Double sword      |       |       |       |   349 |   103 ||   452
         Punch             |       |       |       |       |     2 ||     2
 Invoke: Heroism           |       |       |       |    15 |       ||    15
  Evoke: Wand              |       |       |     9 |     8 |       ||    17
    Use: Potion            |     3 |     1 |       |     5 |     1 ||    10
         Scroll            |       |     7 |     9 |    12 |     1 ||    29
 Armour: Scale mail        |    32 |    59 |    63 |       |       ||   154
         Chain mail        |       |       |    86 |       |       ||    86
         Plate armour      |       |       |    28 |   261 |    90 ||   379
  Dodge: Dodged            |    27 |    51 |   143 |   146 |    50 ||   417
  Block: Buckler           |    13 |    68 |   177 |   322 |       ||   580
         Other             |       |       |       |     7 |    13 ||    20
